 Dungeon Crawl Stone Soup version 0.27-a0-1185-ga233589e6f (webtiles) character file.

Game seed: 3111096160999469483

2195 Froggeryz the Martial Artist (level 9, -4/53 HPs)
             Began as an Octopode Transmuter on May 19, 2021.
             Was an Initiate of Cheibriados.
             Slain by an orc warrior
             ... wielding a +0 hand axe
              (17 damage)
             ... on level 6 of the Dungeon.
             The game lasted 00:08:18 (8149 turns).

Froggeryz the Martial Artist (Octopode Transmuter)  Turns: 8149, Time: 00:08:18

Health: -4/53      AC:  1    Str: 17    XL:     9   Next: 34%
Magic:  12/12      EV: 17    Int: 23    God:    Cheibriados [......]
Gold:   208        SH:  0    Dex: 21    Spells: 8/12 levels left

rFire    . . .     SeeInvis .     - Unarmed
rCold    . . .     Faith    .   (no shield)
rNeg     . . .     Spirit   .   (helmet restricted)
rPois    +         Reflect  .   (no amulet)
rElec    .         Harm     .   g - ring of poison resistance
rCorr    .         Rampage  .   j - +6 ring of strength
Will     .....                  v - +6 ring of dexterity
Stlth    +++.......             x - +6 ring of intelligence
HPRegen  0.17/turn              B - ring of flight
MPRegen  0.13/turn              (no ring)
                                (no ring)
                                (no ring)

@: flying, very slow
A: almost no armour, amphibious, 8 rings, camouflage 1, gelatinous body 1,
(nimble swimmer 1), tentacles
a: Renounce Religion, Bend Time


You were on level 6 of the Dungeon.
You worshipped Cheibriados.
Cheibriados was noncommittal.
You visited 1 branch of the dungeon, and saw 6 of its levels.

You collected 340 gold pieces.
You spent 132 gold pieces at shops.

Inventory:

Hand Weapons
 s - the +5 flail of the Bespelling Pariah {freeze, rF+ rC+}
   (You found it on level 4 of the Dungeon)

   It has been specially enchanted to freeze those struck by it, causing extra
   injury to most foes and up to half again as much damage against particularly
   susceptible opponents.
   It can also slow down cold-blooded creatures.
   It protects you from fire.
   It protects you from cold.
Missiles
 q - 13 poisoned darts (quivered)
Jewellery
 g - a ring of poison resistance (left tentacle)
 j - a +6 ring of strength (right tentacle)
 v - a +6 ring of dexterity (on tentacle)
 x - a +6 ring of intelligence (on tentacle)
 z - a ring of fire
 B - a ring of flight (on tentacle)
Wands
 m - a wand of iceblast (6)
 t - a wand of paralysis (5)
Scrolls
 a - 2 scrolls of fog
 c - 3 scrolls of identify
 h - 2 scrolls of magic mapping {unknown}
 k - 3 scrolls of teleportation
 n - a scroll of noise {unknown}
 o - 2 scrolls of blinking {unknown}
 p - a scroll of amnesia {unknown}
 y - a scroll of fear {unknown}
 A - a scroll of vulnerability {unknown}
Potions
 b - a potion of resistance {unknown}
 d - a potion of curing
 e - a potion of heal wounds {unknown}
 f - a potion of mutation {unknown}
 i - 2 potions of lignification {unknown}
 l - a potion of haste {unknown}
 r - a potion of attraction {unknown}
 u - 2 potions of cancellation {unknown}
 w - a potion of berserk rage {unknown}


   Skills:
 - Level 1.0 Fighting
 + Level 5.9 Dodging
 * Level 10.5 Unarmed Combat
 - Level 2.0 Spellcasting
 - Level 4.0 Transmutations


You had 8 spell levels left.
You knew the following spells:

 Your Spells              Type           Power      Damage    Failure   Level
a - Beastly Appendage     Tmut           40%        N/A       2%          1
b - Spider Form           Tmut/Pois      5%         N/A       17%         3

Your spell library contained the following spells:

 Spells                   Type           Power      Damage    Failure   Level
 Wereblood                Tmut           20%        N/A       3%          2
 Passwall                 Tmut/Erth      9%         N/A       9%          2
 Sandblast                Erth           4%         2d4       13%         1
 Confusing Touch          Hex            2%         N/A       36%         3
 Gell's Gravitas          Tloc           1%         N/A       36%         3
 Stone Arrow              Conj/Erth      4%         3d7       36%         3
 Ice Form                 Ice/Tmut       11%        N/A       50%         4
 Petrify                  Tmut/Erth      11%        N/A       50%         4
 Hydra Form               Tmut           10%        N/A       56%         5
 Yara's Violent Unravell  Hex/Tmut       5%         3d4       83%         5
 Lee's Rapid Deconstruct  Erth           1%         3d5*      98%         5
 Metabolic Englaciation   Hex/Ice        1%         N/A       98%         5


Dungeon Overview and Level Annotations

Branches:
Dungeon (6/15)
 Temple: D:4-7

Altars:
Cheibriados
Hepliaklqana
Vehumet
Wu Jian
Xom

Shops:
D:4 *=

Annotations:
D:2 1 runed translucent door, Crazy Yiuf


Innate Abilities, Weirdness & Mutations

You cannot wear most types of armour.
You are amphibious.
You can wear up to eight rings at the same time.
Your skin changes colour to match your surroundings (Stealth+).
Your rubbery body absorbs attacks. (AC +1, EV +1)
((You are camouflaged near water. (Stealth+)))
You have tentacles for arms and can constrict up to eight enemies at once.


Message History

You bite the bullfrog!
The bullfrog is almost dead.
Your transformation has ended.
The killer bee zombie completely misses you.
The bullfrog misses you.
You bludgeon the bullfrog!
You kill the bullfrog!
Cheibriados appreciates the change of pace.
The killer bee zombie barely misses you.
The killer bee zombie hits you.
A jelly comes into view.
You closely miss the killer bee zombie.
The jelly quivers.
You grab the killer bee zombie.
Your squeeze misses the killer bee zombie.
The killer bee zombie is almost destroyed.
You constrict the killer bee zombie.
An orc comes into view. It is wielding a +0 hand axe.
The killer bee zombie closely misses you.
You release your grip on the killer bee zombie.
The killer bee zombie hits you.
The killer bee zombie hits you but does no damage.
The killer bee zombie hits you.
You see here a hound corpse.
You closely miss the killer bee zombie. You grab the killer bee zombie.
You tentacle-slap the killer bee zombie.
You squeeze the killer bee zombie.
You destroy the killer bee zombie!
Cheibriados appreciates the change of pace.
An orc comes into view. It is wielding a +0 whip.
An ufetubus comes into view.
The orc warrior hits you with a +0 hand axe!
* * * LOW HITPOINT WARNING * * *
You see here an iguana corpse.
The orc wizard gestures at itself while chanting.
The orc wizard flickers and vanishes!
Deactivating autopickup; reactivate with Ctrl-A.
The orc warrior barely misses you.
The orc warrior hits you with a +0 hand axe!
You die...

#.# #...## #.# #.### ###.###
####.# #.....####..#.#
#.....##......# ####
#.....#..##..## ..
....####.......###..# ...
#.....†#......###...###
..###..###.o.o@..#....#...##
......#..##....{.............##
#. #....#.o..................#
.. ##....†...J...............#
#.##..>..#...(...............#
#.#..............#..<.......##
#....†.##..................##
.#..[.#.##................###
...)..#.##.................#


You could see an orc warrior, a jelly and 2 orcs.

Vanquished Creatures
  A centaur zombie (D:5)
  Sigmund (D:5)
  Eustachio (D:4)
  Menkaure (D:4)
  A water moccasin (D:5)
  Duvessa (D:6)
  A black bear (D:5)
  An ice beast (D:5)
  4 ogres
  A bullfrog (D:6)
  Blork the orc (D:5)
  Dowan (D:6)
  A water moccasin zombie (D:5)
  A scorpion (D:3)
  A water moccasin skeleton (D:4)
  2 hounds (D:6)
  A jelly (D:5)
  A bullfrog skeleton (D:5)
  2 iguanas
  An orc wizard (D:4)
  A killer bee zombie (D:6)
  A mummy (D:5)
  5 adders
  A shadow imp (D:5)
  An ufetubus (D:5)
  An adder skeleton (D:5)
  A worm (D:2)
  A dart slug (D:1)
  6 orcs
  7 ball pythons
  6 bats
  6 endoplasms
  9 giant cockroaches
  11 goblins
  6 hobgoblins
  7 quokkas
  3 frilled lizards
  6 kobolds
  A quokka skeleton (D:4)
  7 rats
112 creatures vanquished.

Vanquished Creatures (others)
  6 plants (D:3)
6 creatures vanquished.

Grand Total: 118 creatures vanquished

Notes
Turn   | Place    | Note
-------+----------+-------------------------------------------
     0 | D:1      | Froggeryz the Octopode Transmuter began the quest for the
                  | Orb.
     0 | D:1      | Reached XP level 1. HP: 13/13 MP: 3/3
   333 | D:1      | Reached XP level 2. HP: 15/18 MP: 5/5
   732 | D:1      | Reached skill level 4 in Unarmed Combat
   746 | D:1      | You fall into a shaft and drop 1 floor!
   746 | D:2      | Found a radiant altar of Vehumet.
   891 | D:2      | Reached XP level 3. HP: 21/23 MP: 6/6
  1655 | D:2      | Found a runed translucent door.
  1656 | D:2      | Noticed Crazy Yiuf
  2080 | D:2      | Reached XP level 4. HP: 27/28 MP: 7/7
  2661 | D:3      | Noticed a scorpion
  2669 | D:3      | Killed a scorpion
  2670 | D:3      | Reached skill level 5 in Unarmed Combat
  2670 | D:3      | Reached XP level 5. HP: 13/33 MP: 8/8
  3006 | D:3      | Found a hazy altar of Hepliaklqana.
  3122 | D:3      | Learned a level 3 spell: Spider Form
  3994 | D:4      | Found a shimmering altar of Xom.
  4008 | D:4      | Noticed Menkaure
  4013 | D:4      | Killed Menkaure
  4014 | D:4      | Reached skill level 6 in Unarmed Combat
  4014 | D:4      | Reached XP level 6. HP: 25/38 MP: 9/9
  4218 | D:4      | Identified the +5 flail of the Bespelling Pariah {freeze,
                  | rF+ rC+}
  4272 | D:4      | Reached XP level 7. HP: 14/43 MP: 6/10
  4714 | D:4      | Noticed Eustachio
  4735 | D:4      | Killed Eustachio
  4736 | D:4      | Reached skill level 7 in Unarmed Combat
  4956 | D:4      | Found Jourha's Jewellery Shop.
  5274 | D:4      | Found Piudai's Assorted Antiques.
  5278 | D:4      | Bought a scroll labelled CARIOMMORAXT for 22 gold pieces
  5278 | D:4      | Bought a cabochon ring for 110 gold pieces
  5800 | D:5      | Entered Level 5 of the Dungeon
  5925 | D:5      | Noticed Sigmund
  6155 | D:5      | Reached skill level 8 in Unarmed Combat
  6155 | D:5      | Reached XP level 8. HP: 27/48 MP: 8/11
  6583 | D:5      | Noticed Blork the orc
  6623 | D:5      | Killed Blork the orc
  6779 | D:5      | Killed Sigmund
  6780 | D:5      | Reached skill level 9 in Unarmed Combat
  7018 | D:5      | Reached skill level 5 in Dodging
  7018 | D:5      | Reached XP level 9. HP: 38/53 MP: 12/12
  7196 | D:5      | Reached skill level 10 in Unarmed Combat
  7226 | D:5      | Found a snail-covered altar of Cheibriados.
  7336 | D:5      | Became a worshipper of Cheibriados the Contemplative
  7549 | D:5      | Found an ornate altar of the Wu Jian Council.
  7688 | D:5      | Found a radiant altar of Vehumet.
  8112 | D:6      | Noticed Dowan
  8118 | D:6      | Noticed Duvessa
  8125 | D:6      | Killed Duvessa
  8127 | D:6      | Killed Dowan
  8149 | D:6      | Slain by an orc warrior

Illustrated notes

Levels and vault maps discovered:
D:1:      minmay_arrival_up_and_down, layout_basic
D:2:      layout_basic, basic_altar, minmay_misc_feat_diagonals,
          minmay_worlds_worst_comb, uniq_crazy_yiuf_cottage
D:3:      layout_basic, nicolae_hepliaklqana_hazy_memory
D:4:      minmay_skewed_foursquare, layout_loops_corners, old_standard_altar,
          serial_shops, shop_fountains, nicolae_shop_behind_doors,
          minmay_circle_x, uniq_eustachio, uniq_menkaure
D:5:      layout_layer_cave, pdpol_wu_jian_five_deadly_venoms,
          general_overflow_altar, slow_altar_2, uniq_blork_the_orc, uniq_sigmund
D:6:      layout_rooms, nicolae_overflow_crystal_walls,
          cheibrodos_ashenzari_chains, palyth_stone_intersect, uniq_duvessa

Skill      XL: |  1  2  3  4  5  6  7  8  9 |
---------------+----------------------------+-----
Unarmed Combat | 4 5 6 8 9 10 | 10.5
Transmutations | 3 4 |  4.0
Dodging        | 3 5 |  5.9
Fighting       | |  1.0
Spellcasting   | |  2.0

Action                   |  1- 3 |  4- 6 |  7- 9 || total
-------------------------+-------+-------+-------++-------
Melee: Unarmed           |   101 |    57 |   135 ||   293
       Constrict         |    24 |    13 |    19 ||    56
       Tentacles         |    16 |    11 |    22 ||    49
       Punch             |     1 |     2 |     7 ||    10
       Kick              |       |       |     2 ||     2
Throw: Dart              |       |     3 |       ||     3
 Cast: Spider Form       |       |     2 |     9 ||    11
       Beastly Appendage |       |     1 |     2 ||     3
  Use: Scroll            |       |     1 |     1 ||     2
       Potion            |       |     1 |       ||     1
 Stab: Sleeping          |    10 |     3 |     7 ||    20
Armor: Skin              |     4 |       |    11 ||    15
Dodge: Dodged            |    50 |    28 |   103 ||   181

Table legend: (Time is in decaauts)
 A = Elapsed time spent in this place.
 B = Non-inter-level travel time spent in this place.
 C = Inter-level travel time spent in this place.
 D = Time resting spent in this place.
 E = Time spent auto-exploring this place.
 F = Levels seen in this place.
 G = Mean time per level.
                   A        B        C        D        E       F      G
               +--------+--------+--------+--------+--------+-----+--------+
         Total |   8302 |   7910 |    392 |   1550 |   5484 |   6 | 1383.7 |
       Dungeon |   8302 |   7910 |    392 |   1550 |   5484 |   6 | 1383.7 |
               +--------+--------+--------+--------+--------+-----+--------+

Top non-repeatable levels by time:
     D:5: 2086 daAuts
     D:4: 2080 daAuts
     D:2: 1684 daAuts
     D:3: 1228 daAuts
     D:1: 1051 daAuts
     D:6: 171 daAuts
